 Dungeon Crawl Stone Soup version 0.32-a0-411-g744942f433 (webtiles) character file.

Game seed: 5267354619187320076

4 ezpacito the Trooper (level 1, 0/18 HPs)
             Began as a Demonspawn Chaos Knight on Feb 20, 2024.
             Was a Plaything of Xom.
             Slain by a kobold
             ... wielding a +0 club
              (4 damage)
             ... on level 1 of the Dungeon.
             The game lasted 00:00:16 (59 turns).

ezpacito the Trooper (Demonspawn Chaos Knight)        Turns: 59, Time: 00:00:16

Health: 0/18       AC:  5    Str: 12    XL:     1   Next: 50%
Magic:  1/1        EV: 11    Int: 12    God:    Xom [..*...]
Gold:   0          SH:  0    Dex: 12    Spells: 0/0 levels left

rFire   . . .        a - +0 hand axe (chaos)
rCold   . . .        (no shield)
rNeg    . . .        b - +2 leather armour
rPois   .            (no helmet)
rElec   .            (no cloak)
rCorr   .            (no gloves)
SInv    .            (no boots)
Will    .....        (no amulet)
Stlth   +            (no ring)
HPRegen 0.23/turn    (no ring)
MPRegen 0.07/turn

%: no passive effects
@: no status effects
A: no striking features
a: Renounce Religion


You were on level 1 of the Dungeon.
You worshipped Xom.
You were a toy of Xom.
You visited 1 branch of the dungeon, and saw 1 of its levels.

Inventory:

Hand Weapons
 a - a +0 hand axe of chaos (weapon)
Armour
 b - a +2 leather armour (worn)
Scrolls
 c - a scroll of butterflies
Potions
 d - a potion of enlightenment {unknown}


   Skills:
 + Level 3.0 Fighting
 * Level 2.7 Axes
 * Level 1.8 Armour
 * Level 0.9 Dodging
 * Level 0.1 Stealth
 * Level 0.1 Unarmed Combat


You couldn't memorise any spells.
You didn't know any spells.
Your spell library was empty.

Dungeon Overview and Level Annotations

Branches:
Dungeon (1/15)

Altars:


Message History

You hit the quokka.
You kill the quokka!
No target in view!
No target in view!
No target in view!
HP restored.
Things that are here:
a +1 dagger of speed; a goblin corpse
d - a bubbling pink potion You see here a quokka corpse.
A kobold comes into view. It is wielding a +0 club.
The kobold shouts!
You closely miss the kobold. The kobold hits you with a +0 club. x2
You hit the kobold but do no damage.
Xom smirks.
You detect items!
The kobold hits you with a +0 club.
You are too injured to fight recklessly!
You are too injured to fight recklessly!
You are too injured to fight recklessly!
You are too injured to fight recklessly!
You are too injured to fight recklessly!
You are too injured to fight recklessly!
You are too injured to fight recklessly!
You are too injured to fight recklessly!
You are too injured to fight recklessly!
A kobold is nearby!
You hit the kobold but do no damage. The kobold hits you but does no damage.
You hit the kobold.
The kobold seems to speed up.
Xom thinks this is hilarious!
The kobold is moderately wounded.
The kobold hits you but does no damage. The kobold closely misses you.
You hit the kobold but do no damage. The kobold barely misses you.
You barely miss the kobold.
The kobold hits you but does no damage. x2
You closely miss the kobold. The kobold hits you but does no damage.
The kobold hits you with a +0 club.
You miss the kobold. The kobold hits you with a +0 club. x2
* * * LOW HITPOINT WARNING * * *
You barely miss the kobold. The kobold hits you with a +0 club.
You die... "Huh?
Did I miss anything?"

....... ##...... ∆
##......# ........#
#.......# #.......#
#.#......K# #.##.....@#
##.##......###
#...#........# #
#...########.#.##
##...##.....#....#
#..#.....#...†...#....#
#....<.....)......##.#
###.....#.......### .#
##...##.....###


You could see a kobold (fast).

Vanquished Creatures
  A goblin (D:1)
  A quokka (D:1)
2 creatures vanquished.

Notes
Turn   | Place    | Note
-------+----------+-------------------------------------------
     0 | D:1      | ezpacito the Demonspawn Chaos Knight began the quest for
                  | the Orb.
     0 | D:1      | Reached XP level 1. HP: 18/18 MP: 1/1
    52 | D:1      | XOM: divination: detect items
    59 | D:1      | Slain by a kobold

Illustrated notes

Levels and vault maps discovered:
D:1:      dpeg_arrival_rhombus, layout_basic

Action                     || total
---------------------------++-------
  Melee: Hand axe          ||    14
 Armour: Leather armour    ||    16
  Dodge: Dodged            ||     6

Table legend: (Time is in decaauts)
 A = Elapsed time spent in this place.
 B = Non-inter-level travel time spent in this place.
 C = Inter-level travel time spent in this place.
 D = Time resting spent in this place.
 E = Time spent auto-exploring this place.
 F = Levels seen in this place.
 G = Mean time per level.
                   A        B        C        D        E       F      G
               +--------+--------+--------+--------+--------+-----+--------+
         Total |     61 |     61 |      0 |      0 |     35 |   1 |   61.0 |
       Dungeon |     61 |     61 |      0 |      0 |     35 |   1 |   61.0 |
               +--------+--------+--------+--------+--------+-----+--------+

Top non-repeatable levels by time:
     D:1: 61 daAuts
